Map: Jagannatha LE

Players

MCanning - Winner!

  • Race: Protoss Protoss
  • Spawn Location: 7:00

PiLiPiLi

  • Race: Protoss Protoss
  • League: Grandmaster
  • Spawn Location: 1:00

VOD

Have the link to the VOD?

Description

Time

  • Played on: Oct. 27, 2020, 4:23 p.m.
  • Length: 23:52
Show
View Real Time Build Order
Export as new Build Order

MCanning Protoss - Winner!

Build Orders:  

Get SALT Encoding   

  12  0:00  Probe  
  13  0:12  Probe  
  14  0:17  Pylon  
  14  0:24  Probe  
  15  0:36  Probe (Chrono Boost)  
  15  0:37  Gateway  
  16  0:47  Probe (Chrono Boost), Assimilator  
  17  0:52  Probe (Chrono Boost)  
  17  0:55  Assimilator  
  18  1:03  Probe (Chrono Boost)  
  19  1:12  Gateway  
  19  1:15  Probe (Chrono Boost)  
  20  1:21  Probe (Chrono Boost)  
  21  1:27  Cybernetics Core  
  21  1:29  Probe  
  22  1:38  Pylon  
  22  1:41  Probe  
  23  1:48  Unknown  
  23  1:49  Unknown x2  
  23  1:56  Probe  
  24  2:03  Stalker  
  24  2:04  Sentry, Warp Gate  
  24  2:08  Probe  
  29  2:16  Shield Battery  
  29  2:20  Pylon  
  29  2:27  Pylon  
  29  2:32  Stalker  
  31  2:38  Stalker  
  33  2:58  Nexus  
  33  3:11  Stargate  
  33  3:14  Probe  
  33  3:19  Shield Battery  
  34  3:26  Probe  
  35  3:29  Shield Battery  
  35  3:38  Probe  
  36  3:44  Pylon  
  36  3:52  Stalker  
  38  3:58  Probe  
  41  4:03  Phoenix (Chrono Boost)  
  41  4:04  Stalker  
  37  4:19  Phoenix (Chrono Boost)  
  37  4:23  Stalker  
  38  4:32  Stalker  
  38  4:34  Probe  
  38  4:35  Shield Battery, Probe  
  42  4:47  Stalker  
  42  4:50  Phoenix (Chrono Boost)  
  36  5:00  Stalker  
  36  5:03  Probe  
  39  5:15  Void Ray (Chrono Boost), Probe  
  39  5:16  Stalker  
  43  5:28  Stalker  
  47  5:32  Probe (Chrono Boost)  
  47  5:33  Probe (Chrono Boost)  
  49  5:40  Pylon  
  49  5:44  Probe (Chrono Boost)  
  49  5:49  Probe (Chrono Boost)  
  51  5:51  Robotics Facility, Probe (Chrono Boost)  
  51  5:56  Probe  
  53  5:58  Probe  
  54  6:08  Probe  
  54  6:10  Probe, Assimilator  
  56  6:12  Assimilator  
  56  6:15  Sentry  
  58  6:19  Pylon  
  58  6:20  Probe  
  58  6:22  Void Ray (Chrono Boost)  
  60  6:27  Shield Battery  
  65  6:35  Zealot  
  65  6:41  Shield Battery  
  65  6:42  Immortal (Chrono Boost)  
  69  6:50  Zealot  
  71  6:56  Void Ray  
  71  7:00  Shield Battery  
  69  7:03  Zealot  
  75  7:09  Probe  
  75  7:11  Probe  
  75  7:15  Forge  
  75  7:24  Immortal  
  75  7:28  Zealot x2  
  71  7:33  Void Ray  
  73  7:48  Stalker x2  
  77  7:52  Pylon  
  73  8:03  Immortal (Chrono Boost)  
  75  8:08  Void Ray  
  69  8:17  Stalker x2  
  77  8:25  Shield Battery  
  74  8:29  Shield Battery  
  73  8:41  Immortal (Chrono Boost)  
  67  8:42  Zealot  
  67  8:43  Sentry, Void Ray  
  78  9:06  Pylon  
  78  9:09  Pylon  
  78  9:20  Void Ray  
  78  9:28  Zealot x2  
  84  9:42  Shield Battery  
  84  9:43  Shield Battery  
  82  9:49  Immortal (Chrono Boost)  
  86  9:55  Zealot  
  86  9:57  Void Ray  
  86  9:59  Sentry  
  82  10:19  Pylon  
  82  10:21  Zealot  
  80  10:33  Zealot  
  80  10:34  Void Ray  
  80  10:35  Photon Cannon  
  70  10:50  Zealot  
  70  10:53  Immortal (Chrono Boost)  
  74  11:00  Zealot  
  76  11:10  Pylon  
  76  11:11  Void Ray  
  76  11:15  Zealot  
  80  11:22  Zealot  
  82  11:30  Robotics Bay  
  82  11:32  Assimilator  
  82  11:39  Zealot  
  84  11:47  Zealot  
  84  11:48  Void Ray  
  84  11:59  Immortal (Chrono Boost)  
  90  12:05  Sentry  
  92  12:12  Shield Battery  
  92  12:15  Stalker  
  94  12:25  Void Ray  
  94  12:27  Disruptor (Chrono Boost)  
  97  12:35  Shield Battery  
  97  12:36  Zealot  
  103  12:50  Zealot  
  105  12:54  Disruptor (Chrono Boost)  
  108  13:01  Zealot  
  108  13:15  Zealot, Void Ray  
  108  13:23  Zealot  
  106  13:34  Disruptor  
  98  13:48  Stargate  
  98  13:49  Stalker x2  
  98  13:50  Void Ray (Chrono Boost)  
  102  14:00  Disruptor  
  102  14:01  Photon Cannon  
  102  14:12  Adept  
  102  14:13  Adept  
  109  14:23  Probe  
  110  14:31  Pylon  
  110  14:43  Void Ray  
  110  14:46  Nexus  
  110  14:49  Disruptor  
  114  15:01  Zealot x2  
  116  15:09  Void Ray  
  110  15:23  Adept  
  103  15:37  Disruptor (Chrono Boost)  
  96  15:59  Nexus, Pylon  
  96  16:01  Protoss Air Weapons Level 1 (Chrono Boost)  
  92  16:06  Observer (Chrono Boost)  
  93  16:16  Adept x2  
  97  16:25  Disruptor (Chrono Boost)  
  97  16:26  Probe  
  101  16:37  Void Ray  
  104  16:54  Nexus  
  100  17:10  Disruptor (Chrono Boost)  
  103  17:20  Shield Battery, Void Ray  
  103  17:24  Zealot  
  109  17:50  Disruptor (Chrono Boost)  
  104  17:55  Probe  
  108  18:10  Void Ray  
  108  18:14  Probe  
  108  18:17  Assimilator  
  113  18:20  Assimilator  
  109  18:41  Photon Cannon, Probe  
  107  18:42  Photon Cannon  
  107  18:43  Disruptor (Chrono Boost)  
  111  18:52  Probe  
  112  18:56  Pylon  
  112  18:57  Zealot  
  112  18:58  Zealot  
  116  19:05  Photon Cannon  
  116  19:07  Pylon  
  118  19:19  Disruptor  
  121  19:25  Zealot  
  121  19:30  Void Ray  
  127  19:42  Void Ray  
  127  19:55  Disruptor, Pylon  
  127  20:06  Photon Cannon  
  127  20:07  Void Ray (Chrono Boost)  
  127  20:11  Pylon  
  128  20:17  Void Ray (Chrono Boost)  
  120  20:27  Photon Cannon  
  120  20:28  Shield Battery  
  122  20:41  Void Ray (Chrono Boost)  
  122  20:42  Stalker  
  124  20:48  Void Ray (Chrono Boost)  
  131  21:14  Void Ray  
  127  21:25  Nexus  
  129  21:28  Pylon  
  129  21:29  Void Ray  
  129  21:30  Disruptor (Chrono Boost)  
  136  21:46  Zealot  
  138  21:57  Photon Cannon  
  138  21:58  Disruptor  
  141  22:08  Adept x2  
  141  22:21  Void Ray  
  143  22:34  Disruptor  
  146  22:42  Void Ray  
  147  22:58  Zealot x2  
  138  23:09  Disruptor (Chrono Boost)  
  133  23:33  Nexus  
  133  23:35  Pylon  
  133  23:43  Photon Cannon  
  133  23:45  Pylon  
  133  23:47  Shield Battery  
Show
View Real Time Build Order
Export as new Build Order

PiLiPiLi Protoss 

Build Orders: Oracle Opening 

Get SALT Encoding   

  12  0:00  Probe  
  13  0:12  Probe  
  14  0:20  Pylon  
  14  0:25  Probe  
  15  0:39  Probe (Chrono Boost)  
  15  0:41  Gateway  
  16  0:47  Probe (Chrono Boost)  
  16  0:49  Assimilator  
  17  0:53  Probe  
  17  0:56  Assimilator  
  18  1:05  Probe (Chrono Boost)  
  18  1:09  Gateway  
  19  1:17  Probe (Chrono Boost)  
  20  1:22  Probe (Chrono Boost)  
  21  1:28  Cybernetics Core  
  21  1:31  Probe  
  22  1:36  Pylon  
  22  1:43  Probe  
  23  1:57  Probe  
  24  2:01  Warp Gate (Chrono Boost)  
  24  2:04  Stalker x2  
  28  2:13  Pylon  
  28  2:24  Probe  
  29  2:37  Stargate  
  29  2:40  Stalker  
  29  2:42  Stalker  
  32  3:09  Nexus  
  32  3:18  Oracle (Chrono Boost)  
  32  3:20  Probe  
  32  3:25  Pylon  
  36  3:32  Probe  
  37  3:44  Stalker x2  
  37  3:48  Probe  
  42  3:56  Oracle  
  43  4:14  Probe  
  40  4:21  Probe  
  40  4:22  Stalker  
  40  4:23  Stalker  
  45  4:26  Probe  
  46  4:33  Probe  
  47  4:41  Twilight Council  
  47  4:43  Probe  
  48  4:49  Probe  
  47  4:55  Probe  
  47  4:59  Stalker x2  
  48  5:01  Probe  
  46  5:09  Probe  
  46  5:12  Gateway, Blink (Chrono Boost)  
  46  5:13  Probe  
  45  5:24  Pylon  
  45  5:25  Probe  
  45  5:27  Probe  
  45  5:28  Assimilator  
  47  5:31  Shield Battery x2  
  47  5:34  Stalker  
  49  5:37  Probe  
  49  5:41  Probe  
  51  5:45  Stalker  
  51  5:49  Probe  
  54  6:04  Pylon  
  54  6:07  Stalker  
  56  6:11  Gateway  
  56  6:12  Gateway, Pylon  
  56  6:14  Stalker  
  56  6:18  Stalker  
  60  6:21  Pylon  
  60  6:32  Probe x2  
  59  6:36  Stalker  
  61  6:40  Stalker x2  
  61  6:42  Gateway  
  61  7:01  Stalker  
  61  7:03  Stalker  
  61  7:04  Stalker  
  61  7:07  Stalker x2  
  71  7:14  Pylon  
  63  7:33  Stalker  
  63  7:34  Stalker x4  
  63  7:36  Shield Battery x2  
  69  7:49  Stalker  
  69  7:51  Shield Battery  
  61  8:02  Stalker x5  
  67  8:18  Stalker  
  67  8:26  Stalker x3  
  73  8:27  Zealot  
  75  8:36  Pylon  
  67  8:46  Stalker x2  
  67  8:48  Stalker  
  69  8:49  Zealot x3  
  75  9:10  Stalker x2  
  75  9:11  Stalker  
  75  9:12  Stalker  
  83  9:28  Stalker x2  
  87  9:37  Stalker x2  
  89  9:42  Zealot, Stalker  
  93  9:51  Stalker  
  93  9:52  Zealot  
  95  9:57  Assimilator  
  93  10:00  Stalker x2  
  75  10:16  Zealot, Stalker x3  
  79  10:27  Stalker  
  67  10:32  Stalker  
  63  10:37  Stalker  
  63  10:40  Zealot x2  
  63  10:42  Stalker  
  69  10:55  Stalker x2  
  71  11:03  Stalker  
  73  11:22  Stalker x4  
  73  11:23  Stalker  
  81  11:39  Zealot  
  83  11:45  Stalker x2  
  83  11:46  Stalker x2  
  91  11:59  Stalker x2  
  95  12:01  Pylon  
  95  12:04  Shield Battery  
  95  12:20  Sentry  
  95  12:21  Sentry x2  
  95  12:22  Zealot x3  
  107  12:47  Nexus  
  107  12:51  Sentry  
  107  12:52  Shield Battery  
  107  12:57  Pylon  
  109  13:03  Pylon  
  105  13:21  Stalker x4  
  101  13:33  Stalker  
  73  13:41  Stalker  
  73  13:44  Stalker x2  
  78  14:00  Stalker  
  78  14:06  Stalker  
  80  14:10  Sentry x3  
  80  14:12  Sentry  
  88  14:29  Charge (Chrono Boost)  
  88  14:35  Robotics Facility  
  88  14:37  Stalker x2  
  92  14:38  Stalker  
  84  15:01  Stalker x4  
  88  15:20  Stalker x2  
  76  15:45  Stalker x4  
  76  15:47  Shield Battery  
  76  15:48  Shield Battery  
  76  15:49  Immortal (Chrono Boost)  
  84  15:50  Shield Battery  
  82  16:16  Stalker x4  
  90  16:23  Immortal (Chrono Boost)  
  94  16:35  Assimilator  
  94  16:39  Assimilator  
  92  16:49  Stalker x4  
  97  17:12  Stalker  
  97  17:13  Stalker x2  
  97  17:14  Stalker  
  105  17:19  Forge  
  105  17:26  Observer (Chrono Boost)  
  106  17:34  Stalker  
  106  17:37  Stalker  
  106  17:41  Pylon  
  106  17:42  Pylon  
  108  17:50  Warp Prism  
  108  18:04  Zealot  
  108  18:05  Zealot x2  
  114  18:10  Templar Archives  
  112  18:20  Protoss Ground Weapons Level 1 (Chrono Boost)  
  112  18:24  Zealot x2  
  114  18:33  Zealot x3  
  118  19:02  High Templar x2  
  124  19:06  Pylon  
  122  19:23  High Templar  
  124  19:25  Archon  
  124  19:27  High Templar  
  126  19:35  Stalker x2  
  129  19:40  Zealot  
  127  19:48  Immortal (Chrono Boost), Archon  
  101  20:00  Robotics Facility  
  101  20:01  Robotics Bay  
  101  20:02  Zealot  
  101  20:03  Zealot  
  99  20:30  Stalker x5  
  109  20:40  Nexus  
  109  20:49  Disruptor (Chrono Boost)  
  109  20:55  Disruptor (Chrono Boost)  
  115  21:17  Disruptor (Chrono Boost)  
  119  21:26  Stalker  
  119  21:27  Disruptor (Chrono Boost)  
  119  21:29  Probe  
  122  21:38  Stalker  
  124  21:51  Warp Prism (Chrono Boost)  
  126  22:23  Stalker x4  
  126  22:24  Stalker  
  134  22:38  Disruptor (Chrono Boost)  
  134  22:40  Disruptor (Chrono Boost)  
  120  23:06  Stalker  
  66  23:22  Stalker x4  
  75  23:36  Stalker  
  75  23:38  Gateway  
  75  23:39  Gateway  
Tags
 
Add a new tag
Caveats
  • Supply blocks, unpowered buildings, or Contaminate may cause inaccurate times.
  • Supply counts are checked every 10 seconds.